 Dungeon Crawl Stone Soup version 0.31.0-12-g77e489cdc1 (webtiles) character file.

Game seed: 1293147157443002329

2538 PaiMei the Reanimator (level 9, 0/68 HPs)
             Began as a Demonspawn Necromancer on Feb 26, 2024.
             Slain by a hornet zombie (8 damage)
             ... on level 6 of the Dungeon.
             The game lasted 00:09:49 (8512 turns).

PaiMei the Reanimator (Demonspawn Necromancer)      Turns: 8512, Time: 00:09:50

Health: 0/68       AC:  6    Str:  9    XL:     9   Next: 30%
Magic:  18/18      EV: 14    Int: 26    God:
Gold:   297        SH:  0    Dex: 13    Spells: 12/20 levels left

rFire   . . .        e - +1 whip (drain)
rCold   . . .        (no shield)
rNeg    . . .        a - +0 robe
rPois   .            (no helmet)
rElec   .            (no cloak)
rCorr   .            v - +0 pair of gloves
SInv    .            G - +0 pair of boots
Will    .....        (no amulet)
Stlth   +++          w - +6 ring of intelligence
HPRegen 0.31/turn    y - ring of wizardry
MPRegen 0.16/turn

%: wizardry (x1)
@: no status effects
A: rugged brown scales 2, ignite blood 2, weakness stinger 1
a: no special abilities


You were on level 6 of the Dungeon.
You visited 1 branch of the dungeon, and saw 6 of its levels.

You collected 297 gold pieces.

Inventory:

Hand Weapons
 e - a +1 whip of draining (weapon)
Missiles
 p - a throwing net
 s - 12 poisoned darts (quivered)
Armour
 a - a +0 robe (worn)
 v - a +0 pair of gloves (worn)
 x - a +3 ring mail
 C - an orb of light
 G - a +0 pair of boots (worn)
Jewellery
 w - a +6 ring of intelligence (left hand)
 y - a ring of wizardry (right hand)
Scrolls
 g - a scroll of immolation {unknown}
 i - 3 scrolls of noise {unknown}
 k - 2 scrolls of fear {unknown}
 m - a scroll of summoning {unknown}
 n - a scroll of amnesia {unknown}
 q - a scroll of poison {unknown}
 r - 5 scrolls of identify {unknown}
 u - 2 scrolls of revelation {unknown}
 A - a scroll of blinking {unknown}
 B - a scroll of teleportation {unknown}
 D - a scroll of acquirement {unknown}
Potions
 b - a potion of magic
 c - a potion of lignification {unknown}
 d - 3 potions of curing
 f - 2 potions of invisibility {unknown}
 h - a potion of brilliance {unknown}
 j - a potion of enlightenment {unknown}
 l - a potion of attraction {unknown}
 o - a potion of resistance {unknown}
 t - a potion of mutation {unknown}
 z - a potion of degeneration {unknown}
 E - a potion of heal wounds {unknown}
 F - 2 potions of ambrosia {unknown}


   Skills:
 + Level 3.6 Fighting
 + Level 6.0 Dodging
 - Level 5.1 Stealth
 + Level 6.1 Spellcasting
 + Level 8.2 Necromancy


You had 12 spell levels left.
You knew the following spells:

 Your Spells              Type           Power      Damage    Failure   Level
a - Necrotise             Necr           100%       1d9       1%          1
b - Vampiric Draining     Necr           50%        2d9       1%          3
c - Animate Dead          Necr           50%        N/A       1%          4

Your spell library contained the following spells:

 Spells                   Type           Power      Damage    Failure   Level
 Magic Dart               Conj           28%        1d4       2%          1
 Slow                     Hex            28%        N/A       2%          1
 Curse of Agony           Necr           50%        N/A       2%          5
 Blink                    Tloc           14%        N/A       4%          2
 Call Imp                 Summ           14%        N/A       4%          2
 Confusing Touch          Hex            7%         N/A       9%          3
 Hailstorm                Conj/Ice       7%         3d5       9%          3
 Sigil of Binding         Hex            7%         N/A       9%          3
 Summon Ice Beast         Ice/Summ       7%         N/A       9%          3
 Teleport Other           Tloc           7%         N/A       9%          3
 Sculpt Simulacrum        Ice/Alch       3%         N/A       98%         6
 Infestation              Necr           25%        N/A       99%         8
 Malign Gateway           Summ/Tloc      3%         N/A       100%        7


Dungeon Overview and Level Annotations

Branches:
Dungeon (6/15)
 Temple: D:4-7

Altars:
Ashenzari
Vehumet
Yredelemnul

Shops:
D:5 [

Annotations:
D:4 1 runed translucent door, Crazy Yiuf


Innate Abilities, Weirdness & Mutations

You are mostly covered in rugged brown scales. (AC +2, +5% HP)
Your demonic aura often causes spilled blood to erupt in flames.
You have a small tail.


Message History

The killer bee zombie hits you.
* * * LOW HITPOINT WARNING * * *
The killer bee zombie misses you.
You closely miss the killer bee zombie.
The killer bee zombie is severely damaged.
The killer bee zombie misses you.
The killer bee zombie closely misses you.
You hit the killer bee zombie but do no damage.
Your tail-slap misses the killer bee zombie.
The killer bee zombie is severely damaged.
The killer bee zombie barely misses you. x2
Okay, then.
You miss the killer bee zombie.
The killer bee zombie is severely damaged.
The killer bee zombie hits you.
* * * LOW HITPOINT WARNING * * *
The killer bee zombie closely misses you.
You barely miss the killer bee zombie.
Your tail-slap misses the killer bee zombie.
The killer bee zombie is severely damaged.
The killer bee zombie completely misses you.
The killer bee zombie misses you.
You closely miss the killer bee zombie.
Your tail-slap misses the killer bee zombie.
The killer bee zombie is severely damaged.
The killer bee zombie hits you.
* * * LOW HITPOINT WARNING * * *
The killer bee zombie closely misses you.
You hit the killer bee zombie.
The killer bee zombie is severely damaged.
The killer bee zombie closely misses you.
The killer bee zombie hits you but does no damage.
You hit the killer bee zombie.
The killer bee zombie is almost destroyed.
The killer bee zombie closely misses you.
The killer bee zombie hits you but does no damage.
You barely miss the killer bee zombie. You tail-slap the killer bee zombie.
You destroy the killer bee zombie!
The hornet zombie hits you!
You die...

.#~~~.....~~.# .o# ..#####. ...
#≈~.~≈##.# ######### #. .
.##~~.~~##.# #.....)# #.
.#...........# . #......#####.
.##.###..#.### ... #......#..)..
. #.# #..#.# .....#......#.####
.##.###..#.# .....'......#)# #
.........#.##########5.......# #
###.###.......ZZ@...########†# #
###.###..#.###Z####.########.# #
...........# #.# #....~..##.# #
#######..#####.####..~.~~.##.####
.....................~~~~....)...
#######..#####.####..~~~..##.####
..<.................~~~~.##.#
#############.####....~P.##.# #.#
#...##.###.#


You could see 2 bullfrog zombies and a hornet zombie.

Vanquished Creatures
  A kobold demonologist (D:6)
  A troll (D:6)
  A black bear (D:6)
  A hornet zombie (D:6)
  2 centaurs
  A gnoll sergeant (D:5)
  2 bullfrogs
  4 scorpions
  A water moccasin zombie (D:6)
  A bombardier beetle (D:5)
  7 bullfrog zombies (D:6)
  A centaur zombie (D:6)
  3 jellies
  7 hounds
  An orc priest (D:5)
  A gnoll bouda (D:5)
  2 centaur skeletons (D:6)
  2 iguanas (D:6)
  4 orc wizards (D:6)
  2 killer bee zombies (D:6)
  11 gnolls
  13 adders
  An ufetubus (D:6)
  A dart slug (D:3)
  2 ribbon worms
  11 orcs
  8 bats
  4 endoplasms
  3 giant cockroaches
  4 goblins
  7 hobgoblins
  5 jackals
  7 kobolds
  6 quokkas
  11 ball pythons
  3 rats
142 creatures vanquished.

Vanquished Creatures (collateral kills)
  A water moccasin zombie (D:6)
  An adder (D:2)
  An endoplasm (D:4)
  A goblin (D:3)
  2 hobgoblins
6 creatures vanquished.

Grand Total: 148 creatures vanquished

Notes
Turn   | Place    | Note
-------+----------+-------------------------------------------
     0 | D:1      | PaiMei the Demonspawn Necromancer began the quest for the
                  | Orb.
     0 | D:1      | Reached XP level 1. HP: 13/13 MP: 3/3
   664 | D:1      | Gained mutation: You are partially covered in rugged brown
                  | scales. (AC +1, +3% HP) [demonic ancestry]
   664 | D:1      | Reached XP level 2. HP: 13/19 MP: 3/5
  1238 | D:2      | Got the Vellum of the World
  1584 | D:2      | Reached XP level 3. HP: 24/24 MP: 1/6
  1974 | D:2      | Gained mutation: You are mostly covered in rugged brown
                  | scales. (AC +2, +5% HP) [demonic ancestry]
  1974 | D:2      | Reached XP level 4. HP: 20/31 MP: 4/7
  2104 | D:2      | Reached skill level 5 in Necromancy
  2425 | D:2      | Found a radiant altar of Vehumet.
  2707 | D:3      | Found a basalt altar of Yredelemnul.
  2946 | D:3      | Gained mutation: Your demonic aura sometimes causes spilled
                  | blood to erupt in flames. [demonic ancestry]
  2946 | D:3      | Reached XP level 5. HP: 36/36 MP: 6/9
  3268 | D:3      | Found a broken altar of Ashenzari.
  3610 | D:3      | Noticed a centaur
  3623 | D:3      | Killed a centaur
  3624 | D:3      | Gained mutation: You have a small tail. [demonic ancestry]
  3624 | D:3      | Reached XP level 6. HP: 27/43 MP: 0/11
  4801 | D:4      | Found a runed translucent door.
  4802 | D:4      | Noticed Crazy Yiuf
  5233 | D:5      | Entered Level 5 of the Dungeon
  5399 | D:5      | HP: 1/43 [gnoll sergeant/+0 spear (8)]
  5402 | D:5      | Reached skill level 6 in Necromancy
  5402 | D:5      | Gained mutation: Your demonic aura often causes spilled
                  | blood to erupt in flames. [demonic ancestry]
  5402 | D:5      | Reached XP level 7. HP: 1/48 MP: 7/12
  5791 | D:5      | Learned a level 3 spell: Vampiric Draining
  5796 | D:5      | Learned a level 4 spell: Animate Dead
  6219 | D:5      | Found a radiant altar of Vehumet.
  6404 | D:5      | Found Uriurham's Antique Armour Shoppe.
  6663 | D:6      | Noticed a kobold demonologist
  6674 | D:6      | Killed a kobold demonologist
  6675 | D:6      | Reached skill level 5 in Stealth
  6675 | D:6      | Reached skill level 7 in Necromancy
  6675 | D:6      | Reached XP level 8. HP: 54/54 MP: 0/15
  6829 | D:6      | Reached skill level 5 in Spellcasting
  7034 | D:6      | Reached skill level 1 in Fighting
  7038 | D:6      | Reached skill level 5 in Dodging
  7792 | D:6      | Noticed a troll
  8181 | D:6      | Killed a troll
  8182 | D:6      | Reached XP level 9. HP: 61/66 MP: 3/17
  8399 | D:6      | Reached skill level 8 in Necromancy
  8491 | D:6      | HP: 2/68 [killer bee zombie (4)]
  8502 | D:6      | HP: 2/68 [killer bee zombie (3)]
  8512 | D:6      | Slain by a hornet zombie

Illustrated notes

Levels and vault maps discovered:
D:1:      matt_arrival_grand_opening, layout_loops_corners,
          chequers_serial_rivers_micro_c, minmay_tetromino_l2
D:2:      layout_basic, basic_altar, minmay_snake_closets
D:3:      layout_basic, mainiacjoe_overflow_swirl, hangedman_feature_mirror,
          minmay_misc_feat_cross
D:4:      layout_loops_ring, minmay_close_crescents, uniq_crazy_yiuf_cottage
D:5:      layout_basic, vehumet_crystals, serial_shops,
          nicolae_shop_rolling_square, minmay_quadrilaterals
D:6:      minmay_clustersquares, layout_basic, minitemple, serial_undead,
          serial_undead_d, serial_undead_e, serial_undead_f, serial_undead_f,
          serial_undead_a, serial_undead_c, serial_undead_b, serial_undead_e,
          cheibrodos_sewer_entry_sluice, st_stairs_4

Skill      XL: |  1  2  3  4  5  6  7  8  9 |
---------------+----------------------------+-----
Stealth        | 2 3 4 5 |  5.1
Dodging        | 2 3 4 5 6 |  6.0
Necromancy     | 5 6 7 8 |  8.2
Spellcasting   | 3 4 5 6 |  6.1
Fighting       | 3 |  3.6

Action                     |  1- 3 |  4- 6 |  7- 9 || total
---------------------------+-------+-------+-------++-------
  Melee: Whip              |     9 |    32 |   207 ||   248
         Tailslap          |       |     2 |    38 ||    40
         Punch             |       |       |     5 ||     5
   Cast: Necrotise         |    55 |   119 |   101 ||   275
         Vampiric Draining |       |       |    28 ||    28
    Use: Potion            |       |       |     2 ||     2
 Armour: Robe              |    13 |    55 |   242 ||   310
  Dodge: Dodged            |    23 |    51 |   306 ||   380
